PL
AUSTIN RANGERS @ PHOENIX HOTSPUR
09/25/2029
 
TOP OF THE 1ST
Austin Rangers batting - Pitching for Phoenix Hotspur : RHP Miguel Rubia
Pitching: RHP Miguel Rubia
Batting: RHB Guillermo Coss 0-0: Ground out 1-3 (Groundball, 13)
Batting: SHB Ricardo Pérez 0-0: Called Strike
0-1: SINGLE (Groundball, 3D)
Batting: LHB Count Dante 0-0: Called Strike
0-1: Ball
1-1: Foul Ball, location: 2F
1-2: Foul Ball, location: 2F
1-2: Strikes out swinging
Batting: LHB Jesús Reyes 0-0: Ball
1-0: Called Strike
1-1: Ball
2-1: Called Strike
2-2: Ball
3-2: Foul Ball, location: 2F
3-2: Strikes out swinging
Top of the 1st over - 0 runs, 1 hit, 0 errors, 1 left on base; Austin 0 - Phoenix 0
BOTTOM OF THE 1ST
Phoenix Hotspur batting - Pitching for Austin Rangers : LHP Will Hunting
Pitching: LHP Will Hunting
Batting: RHB Roland Deschain 0-0: Ball
1-0: Ball
2-0: Ball
3-0: Called Strike
3-1: Ground out 4-3 (Groundball, 4M)
Batting: RHB Ted Cook 0-0: Ball
1-0: Ball
2-0: Ball
3-0: Called Strike
3-1: Swinging Strike
3-2: Foul Ball, location: 2F
3-2: Foul Ball, location: 2F
3-2: Base on Balls
Batting: LHB Francisco García 0-0: Called Strike
0-1: Swinging Strike
0-2: Strikes out swinging
Batting: RHB Randy Rehling 0-0: Fly out, F7 (Flyball, 78S)
Bottom of the 1st over - 0 runs, 0 hits, 0 errors, 1 left on base; Austin 0 - Phoenix 0
TOP OF THE 2ND
Austin Rangers batting - Pitching for Phoenix Hotspur : RHP Miguel Rubia
Batting: LHB Yun Yen 0-0: Ball
1-0: Called Strike
1-1: Ball
2-1: Swinging Strike
2-2: Ball
3-2: Foul Ball, location: 2F
3-2: Fly out, F9 (Flyball, 9D)
Batting: RHB Yoshihito Samurakami 0-0: Ball
1-0: Fly out, F7 (Flyball, 7LMF)
Batting: RHB Miguel Morán 0-0: Called Strike
0-1: Called Strike
0-2: Ball
1-2: Ball
2-2: Ball
3-2: Base on Balls
Batting: RHB Freddy Torres 0-0: Ball
1-0: Called Strike
1-1: Ball
2-1: Foul Ball, location: 2F
2-2: SINGLE (Groundball, 25) (infield hit)
Miguel Morán to second
Batting: RHB Jesús Villalba 0-0: Ball
1-0: SINGLE (Groundball, 56S) (infield hit)
Miguel Morán to third
Freddy Torres to second
Batting: RHB Guillermo Coss 0-0: Called Strike
0-1: Called Strike
0-2: Ball
1-2: Ball
2-2: Fielders Choice at 2nd, 6-4 (Groundball, 6)
Top of the 2nd over - 0 runs, 2 hits, 0 errors, 3 left on base; Austin 0 - Phoenix 0
BOTTOM OF THE 2ND
Phoenix Hotspur batting - Pitching for Austin Rangers : LHP Will Hunting
Batting: LHB Mario Cruz 0-0: Ball
1-0: Called Strike
1-1: Foul Ball, location: 2F
1-2: Ball
2-2: Ground out 4-3 (Groundball, 4)
Batting: RHB Kyle Bywaters 0-0: Foul Ball, location: 2F
0-1: Hit by Pitch
Batting: RHB Pierre Bernard 0-0: Swinging Strike
0-1: Grounds into double play, 5-4-3 (Groundball, 56)
Bottom of the 2nd over - 0 runs, 0 hits, 0 errors, 0 left on base; Austin 0 - Phoenix 0
TOP OF THE 3RD
Austin Rangers batting - Pitching for Phoenix Hotspur : RHP Miguel Rubia
Batting: SHB Ricardo Pérez 0-0: Ball
1-0: Ball
2-0: Ball
3-0: Called Strike
3-1: Swinging Strike
3-2: Foul Ball, location: 2F
3-2: Ground out U3 (Groundball, 3S)
Batting: LHB Count Dante 0-0: Ball
1-0: Swinging Strike
1-1: Foul Ball, location: 2F
1-2: Strikes out looking
Batting: LHB Jesús Reyes 0-0: Called Strike
0-1: Foul Ball, location: 2F
0-2: Foul Ball, location: 2F
0-2: Strikes out swinging
Top of the 3rd over - 0 runs, 0 hits, 0 errors, 0 left on base; Austin 0 - Phoenix 0
BOTTOM OF THE 3RD
Phoenix Hotspur batting - Pitching for Austin Rangers : LHP Will Hunting
Batting: LHB Shojiro Ueda 0-0: Ball
1-0: Ball
2-0: Foul Ball, location: 2F
2-1: Fly out, F9 (Flyball, 89XD)
Batting: LHB Wagaw Lukongolo 0-0: Ball
1-0: Ball
2-0: Foul Ball, location: 2F
2-1: Foul Ball, location: 2F
2-2: Foul Ball, location: 2F
2-2: Ball
3-2: Foul Ball, location: 2F
3-2: Foul Ball, location: 2F
3-2: Strikes out swinging
Batting: RHB Roland Deschain 0-0: Ball
1-0: SINGLE (Groundball, 56D)
Batting: RHB Ted Cook 0-0: Called Strike
0-1: 2-RUN HOME RUN (Flyball, 78D), Distance : 408 ft
Batting: LHB Francisco García 0-0: Ball
1-0: Foul Ball, location: 2F
1-1: Ball
2-1: SINGLE (Groundball, 6D)
Batting: RHB Randy Rehling 0-0: Called Strike
Pickoff Throw to First - Error! E1
Francisco García to second
0-1: Ball
1-1: Ground out 6-3 (Groundball, 56)
Bottom of the 3rd over - 2 runs, 3 hits, 1 error, 1 left on base; Austin 0 - Phoenix 2
TOP OF THE 4TH
Austin Rangers batting - Pitching for Phoenix Hotspur : RHP Miguel Rubia
Batting: LHB Yun Yen 0-0: Ball
1-0: Foul Ball, location: 2F
1-1: Foul Ball, location: 2F
1-2: Ball
2-2: Foul Ball, location: 2F
2-2: Strikes out swinging
Batting: RHB Yoshihito Samurakami 0-0: Ball
1-0: Called Strike
1-1: Foul Ball, location: 2F
1-2: Strikes out swinging
Batting: RHB Miguel Morán 0-0: SINGLE (Groundball, 56D)
Batting: RHB Freddy Torres 0-0: Ball
1-0: Foul Ball, location: 2F
1-1: Called Strike
Miguel Morán steals 2nd base
1-2: Fly out, F6 (Popup, 6MS)
Top of the 4th over - 0 runs, 1 hit, 0 errors, 1 left on base; Austin 0 - Phoenix 2
BOTTOM OF THE 4TH
Phoenix Hotspur batting - Pitching for Austin Rangers : LHP Will Hunting
Batting: LHB Mario Cruz 0-0: Single, Error in OF, E7, batter to second base
Batting: RHB Kyle Bywaters 0-0: Called Strike
0-1: Ball
1-1: Ball
2-1: Ground out 5-3 (Groundball, 56)
Batting: RHB Pierre Bernard 0-0: Called Strike
0-1: Ball
1-1: Ground out 4-3 (Groundball, 4)
Mario Cruz to third
Batting: LHB Shojiro Ueda 0-0: Ball
1-0: Ball
2-0: Ball
3-0: Base on Balls
Batting: LHB Wagaw Lukongolo 0-0: Foul Ball, location: 2F
0-1: Ball
1-1: Ball
2-1: Swinging Strike
2-2: SINGLE (Groundball, 34D)
Mario Cruz scores
Shojiro Ueda to second
Runner from 2nd tries for 3rd, OUT!
Bottom of the 4th over - 1 run, 2 hits, 1 error, 1 left on base; Austin 0 - Phoenix 3
TOP OF THE 5TH
Austin Rangers batting - Pitching for Phoenix Hotspur : RHP Miguel Rubia
Batting: RHB Jesús Villalba 0-0: Ball
1-0: Ball
2-0: Ball
3-0: Called Strike
3-1: Swinging Strike
3-2: Foul Ball, location: 2F
3-2: Single, Error in OF, E9, batter to second base
Batting: RHB Guillermo Coss 0-0: Foul Ball, location: 2F
0-1: Foul Ball, location: 2F
0-2: Foul Ball, location: 2F
0-2: Ground out U3 (Groundball, 3)
Jesús Villalba to third
Batting: SHB Ricardo Pérez 0-0: Called Strike
0-1: Ball
1-1: Ground out 5-3 (Groundball, 5)
Batting: LHB Count Dante 0-0: Called Strike
0-1: Swinging Strike
0-2: Strikes out swinging
Top of the 5th over - 0 runs, 1 hit, 1 error, 1 left on base; Austin 0 - Phoenix 3
BOTTOM OF THE 5TH
Phoenix Hotspur batting - Pitching for Austin Rangers : LHP Will Hunting
Batting: RHB Roland Deschain 0-0: Ball
1-0: SINGLE (Groundball, 6MD)
Batting: RHB Ted Cook 0-0: Bunted foul
0-1: Bunt missed!
0-2: Ball
1-2: Strikes out looking
Batting: LHB Francisco García 0-0: Called Strike
0-1: Ground out U3 (Groundball, 3)
Roland Deschain to second
Batting: RHB Randy Rehling 0-0: Ball
1-0: Foul Ball, location: 2F
1-1: Called Strike
1-2: Fly out, F4 (Popup, 4S)
Bottom of the 5th over - 0 runs, 1 hit, 0 errors, 1 left on base; Austin 0 - Phoenix 3
TOP OF THE 6TH
Austin Rangers batting - Pitching for Phoenix Hotspur : RHP Miguel Rubia
Batting: LHB Jesús Reyes 0-0: Called Strike
0-1: Ball
1-1: Foul Ball, location: 2F
1-2: Strikes out swinging
Batting: LHB Yun Yen 0-0: Ball
1-0: SOLO HOME RUN (Flyball, 78D), Distance : 408 ft
Batting: RHB Yoshihito Samurakami 0-0: Ball
1-0: Swinging Strike
1-1: Ball
2-1: Ground out 6-3 (Groundball, 6)
Batting: RHB Miguel Morán 0-0: Ball
1-0: Ball
2-0: Called Strike
2-1: Called Strike
2-2: Strikes out swinging
Top of the 6th over - 1 run, 1 hit, 0 errors, 0 left on base; Austin 1 - Phoenix 3
BOTTOM OF THE 6TH
Phoenix Hotspur batting - Pitching for Austin Rangers : LHP Will Hunting
Batting: LHB Mario Cruz 0-0: Called Strike
0-1: Ball
1-1: Ground out 3-1 (Groundball, 34S)
Batting: RHB Kyle Bywaters 0-0: Ball
1-0: Single, Error in OF, E7, batter to second base
Batting: RHB Pierre Bernard 0-0: Foul Ball, location: 2F
0-1: Ball
1-1: Swinging Strike
1-2: Ground out 1-3 (Groundball, 13S)
Kyle Bywaters to third
Batting: RHB Alex Niemann 0-0: Called Strike
0-1: SINGLE (Flyball, 9S)
Kyle Bywaters scores
Batting: LHB Wagaw Lukongolo 0-0: Ball
1-0: Foul Ball, location: 2F
1-1: Foul Ball, location: 2F
1-2: Ball
2-2: Ball
3-2: Ground out 6-3 (Groundball, 6)
Bottom of the 6th over - 1 run, 2 hits, 1 error, 1 left on base; Austin 1 - Phoenix 4
TOP OF THE 7TH
Austin Rangers batting - Pitching for Phoenix Hotspur : RHP Miguel Rubia
Batting: RHB Freddy Torres 0-0: Called Strike
0-1: Foul Ball, location: 2F
0-2: Ball
1-2: Strikes out looking
Batting: RHB Jesús Villalba 0-0: Called Strike
0-1: Foul Ball, location: 2F
0-2: Ball
1-2: Strikes out swinging
Batting: RHB Guillermo Coss 0-0: Called Strike
0-1: Fly out, F8 (Flyball, 8LS)
Top of the 7th over - 0 runs, 0 hits, 0 errors, 0 left on base; Austin 1 - Phoenix 4
BOTTOM OF THE 7TH
Phoenix Hotspur batting - Pitching for Austin Rangers : LHP Will Hunting
Batting: RHB Roland Deschain 0-0: Called Strike
0-1: Ball
1-1: Ball
2-1: Foul Ball, location: 2F
2-2: Foul Ball, location: 2F
2-2: Ground out 6-3 (Groundball, 56)
Batting: RHB Ted Cook 0-0: Ball
1-0: Ball
2-0: Foul Ball, location: 2F
2-1: Ball
3-1: SINGLE (Groundball, 6MD)
Batting: LHB Francisco García 0-0: Ball
1-0: SINGLE (Flyball, 9S)
Ted Cook to second
Runner from 2nd tries for 3rd, SAFE, no throw
Pitching: LHP Mike Owens
Batting: RHB Randy Rehling 0-0: Called Strike
Pickoff Throw to First - Error! E1
Ted Cook scores
Francisco García to second
0-1: Ball
1-1: Intentional Walk
Batting: LHB Mario Cruz 0-0: Ball
1-0: Ball
2-0: Swinging Strike
2-1: Foul Ball, location: 2F
2-2: Ball
3-2: Base on Balls
Francisco García to third
Randy Rehling to second
Batting: RHB Kyle Bywaters 0-0: Called Strike
0-1: DOUBLE (Line Drive, 7D)
Francisco García scores
Randy Rehling scores
Mario Cruz to third
Batting: RHB Pierre Bernard 0-0: Ball
1-0: Called Strike
1-1: Ground out 5-3 (Groundball, 56S)
Mario Cruz scores
Kyle Bywaters to third
Batting: RHB Alex Niemann 0-0: Foul Ball, location: 2F
0-1: Ball
1-1: Foul Ball, location: 2F
1-2: Ball
2-2: Ground out 5-3 (Groundball, 56)
Bottom of the 7th over - 4 runs, 3 hits, 1 error, 1 left on base; Austin 1 - Phoenix 8
TOP OF THE 8TH
Austin Rangers batting - Pitching for Phoenix Hotspur : RHP Miguel Rubia
Batting: SHB Ricardo Pérez 0-0: Ball
1-0: Foul Ball, location: 2F
1-1: Ground out U3 (Groundball, 34)
Batting: LHB Count Dante 0-0: Fly out, F4 (Popup, 4MD)
Batting: LHB Jesús Reyes 0-0: Called Strike
0-1: Called Strike
0-2: Ball
1-2: Strikes out looking
Top of the 8th over - 0 runs, 0 hits, 0 errors, 0 left on base; Austin 1 - Phoenix 8
BOTTOM OF THE 8TH
Phoenix Hotspur batting - Pitching for Austin Rangers : LHP Mike Owens
Batting: LHB Wagaw Lukongolo 0-0: Called Strike
0-1: Called Strike
0-2: Strikes out swinging
Batting: RHB Roland Deschain 0-0: Called Strike
0-1: Foul Ball, location: 2F
0-2: Fly out, F7 (Flyball, 7)
Batting: RHB Ted Cook 0-0: Called Strike
0-1: Ball
1-1: Foul Ball, location: 2F
1-2: Ball
2-2: Strikes out looking
Bottom of the 8th over - 0 runs, 0 hits, 0 errors, 0 left on base; Austin 1 - Phoenix 8
TOP OF THE 9TH
Austin Rangers batting - Pitching for Phoenix Hotspur : RHP Miguel Rubia
Batting: LHB Yun Yen 0-0: Foul Ball, location: 2F
0-1: Fly out, F5 (Popup, 5F)
Pinch Hitting: SHB Xavier Vásquez 0-0: Foul Ball, location: 2F
0-1: Ball
1-1: Fly out, F9 (Flyball, 89M)
Batting: RHB Miguel Morán 0-0: SINGLE (Line Drive, 34D)
Pitching: LHP Joey Dudley
Pinch Hitting: RHB Jesús Vásquez 0-0: Called Strike
0-1: Called Strike
0-2: DOUBLE (Groundball, 5L)
Miguel Morán to third
Batting: RHB Jesús Villalba 0-0: Called Strike
0-1: Swinging Strike
0-2: Ball
1-2: Strikes out swinging
Top of the 9th over - 0 runs, 2 hits, 0 errors, 2 left on base; Austin 1 - Phoenix 8
Tuesday, December 19th, 2017 - OOTP Baseball 18.8 Build 76